 Dungeon Crawl Stone Soup version 0.18.1-5-g4a78601 (webtiles) character file.

674 Scarto the Skirmisher (level 7, -1/63 HPs)
             Began as a Hill Orc Fighter on May 10, 2016.
             Slain by an orc warrior
             ... wielding a +0 great sword
              (15 damage)
             ... on level 5 of the Dungeon.
             The game lasted 00:07:00 (2656 turns).

Scarto the Skirmisher (Hill Orc Fighter)            Turns: 2656, Time: 00:07:00

Health: -1/63      AC: 11    Str: 24    XL:     7   Next: 59%
Magic:  7/7        EV:  7    Int:  8    God:
Gold:   299        SH: 10    Dex: 10    Spells: 0 memorised, 6 levels left

rFire  + . .     SeeInvis .     a - +1 war axe
rCold  . . .     Gourm    .     b - +0 scale mail
rNeg   . . .     Faith    .     c - +0 shield
rPois  .         Spirit   .     (no helmet)
rElec  .         Dismiss  .     e - +2 cloak
rCorr  .         Reflect  .     y - +0 pair of gloves
SustAt .         Harm     .     (no boots)
MR     .....                    (no amulet)
Stlth  ..........               k - ring of protection from fire
                                g - +3 ring of strength

@: drained, not resistant to hostile enchantments, extremely unstealthy
A: no striking features
a: no special abilities


You were on level 5 of the Dungeon.
You were not hungry.

You visited 1 branch of the dungeon, and saw 5 of its levels.

You collected 299 gold pieces.

Inventory:

Hand Weapons
 a - a +1 war axe (weapon)
Missiles
 u - 5 tomahawks (quivered)
Armour
 b - a +0 scale mail (worn)
 c - a +0 shield (worn)
 e - a +2 cloak (worn)
 y - a +0 pair of gloves (worn)
Jewellery
 g - a +3 ring of strength (left hand)
 k - a ring of protection from fire (right hand)
Wands
 x - a wand of flame (19/48)
Scrolls
 p - a scroll of blinking
 q - a scroll of fear {unknown}
 w - a scroll of identify
 z - a scroll of amnesia {unknown}
Potions
 d - a potion of might
 i - a potion of magic
 l - a potion of agility {unknown}
 m - a potion of cure mutation {unknown}
 o - 2 potions of haste {unknown}
 r - 3 potions of heal wounds {unknown}
 t - 2 potions of ambrosia {unknown}
Comestibles
 f - a bread ration
 h - 3 slices of pizza
 j - 2 beef jerkies


   Skills:
 + Level 6.1(5.7) Fighting
 + Level 5.9(5.6) Axes
 + Level 5.5(5.2) Armour
 + Level 5.2(4.9) Shields


You had 6 spell levels left.
You didn't know any spells.

Dungeon Overview and Level Annotations

Branches:
Dungeon (5/15)
 Temple: D:4-7

Altars:
Vehumet

Annotations:
D:5 Blork the orc, Eustachio


Message History

You hit the orc wizard.
The orc wizard is moderately wounded.
You hit the river rat.
The river rat is severely wounded.
The orc wizard hits you but does no damage.
You block the river rat's attack. The orc hits you but does no damage.
The orc wizard gestures wildly while chanting.
The orc wizard blinks!
The orc wizard hits you but does no damage.
The river rat bites you but does no damage.
Your surroundings suddenly seem different.
You feel sick.
You see here a scroll labeled GEUCICZ ZOYMU.
Found a war axe.
You feel sick.
You are no longer poisoned.
Found 9 gold pieces.
Found a green potion.
The orc warrior hits you with a great sword!
You die...

## $. . #. .. #. ..
#. . ##$######.### .
. #..@........).
.##.. #.!#o..##.###.#
..?. #..#...# #
#.#.##.. #..#...##.#
#. ..... #..##.z...#
#.####.. ... ##.####
#....z..
##.####.#######......
#........o..z....?..
............####.##.#


You could see an orc warrior and a wight.

Vanquished Creatures
  Grinder (D:3)
  An ogre (D:4)
  A howler monkey (D:4)
  2 hounds (D:4)
  2 orc priests (D:5)
  3 worker ants (D:4)
  3 gnolls (D:2)
  3 adders
  An ooze (D:3)
  4 dart slugs
  5 worms
  A giant gecko (D:4)
  7 orcs
  A ball python (D:4)
  6 giant cockroaches
  7 goblins
  5 hobgoblins
  9 jackals
  A quokka (D:4)
  7 bats
  7 giant newts
  A jackal skeleton (D:4)
  7 kobolds
  6 rats
91 creatures vanquished.

Notes
Turn   | Place    | Note
--------------------------------------------------------------
     0 | D:1      | Scarto the Hill Orc Fighter began the quest for the Orb.
     0 | D:1      | Reached XP level 1. HP: 19/19 MP: 1/1
    52 | D:1      | Reached XP level 2. HP: 27/27 MP: 2/2
   300 | D:1      | Reached XP level 3. HP: 32/33 MP: 3/3
   410 | D:2      | Reached skill level 4 in Fighting
   464 | D:2      | Reached XP level 4. HP: 24/40 MP: 4/4
   725 | D:2      | Found a radiant altar of Vehumet.
  1002 | D:3      | Noticed Grinder
  1015 | D:3      | Killed Grinder
  1015 | D:3      | Reached skill level 5 in Fighting
  1015 | D:3      | Reached XP level 5. HP: 22/48 MP: 5/5
  1015 | D:3      | Reached XP level 6. HP: 25/56 MP: 6/6
  1522 | D:3      | Reached skill level 5 in Axes
  2081 | D:4      | Reached skill level 5 in Armour
  2263 | D:4      | Reached XP level 7. HP: 53/61 MP: 7/7
  2312 | D:4      | Reached skill level 5 in Shields
  2560 | D:5      | Entered Level 5 of the Dungeon
  2564 | D:5      | Noticed Eustachio
  2569 | D:5      | Noticed Blork the orc
  2580 | D:5      | Reached skill level 6 in Fighting
  2656 | D:5      | Slain by an orc warrior

Skill      XL: |  1  2  3  4  5  6  7 |
---------------+----------------------+-----
Axes           | 3 4 5 |  5.9
Fighting       | 4 5 6 |  6.1
Armour         | 4 5 |  5.5
Shields        | 4 5 |  5.2

Action                   |  1- 3 |  4- 6 |  7- 9 || total
-------------------------+-------+-------+-------++-------
Melee: War axe           |    89 |   123 |    30 ||   242
       Broad axe         |       |    76 |    15 ||    91
  Use: Scroll            |     2 |     5 |     3 ||    10
  Eat: Bread ration      |       |     1 |     1 ||     2
Armor: Scale mail        |    54 |    95 |    27 ||   176
Dodge: Dodged            |    25 |    62 |    15 ||   102
Block: Shield            |    58 |   121 |    34 ||   213
